 Dungeon Crawl Stone Soup version 0.18-a0-1497-g788d838 (webtiles) character file.

65 GrosslyIncandescent the Insei (level 3, -12/29 HPs)
             Began as a Mummy Monk on Mar 4, 2016.
             Engulfed by a cloud of flame (38 damage)
             ... on level 2 of the Dungeon.
             The game lasted 00:01:53 (1424 turns).

GrosslyIncandescent the Insei (Mummy Monk)          Turns: 1424, Time: 00:01:53

Health: -12/29     AC:  1    Str: 18    XL:     3   Next: 92%
Magic:  3/3        EV: 13    Int:  9    God:
Gold:   110        SH:  0    Dex: 15    Spells: 0 memorised, 2 levels left

rFire  x . .     SeeInvis .       - Unarmed
rCold  + . .     Gourm    .     (no armour)
rNeg   + + +     Faith    .     (no shield)
rPois  ∞         Spirit   .     f - +0 helmet
rElec  .         Dismiss  .     (no cloak)
rCorr  .         Reflect  .     (no gloves)
SustAt .         Harm     +     (no boots)
MR     +....                    k - amulet of harm
Stlth  ++........               i - +4 ring of strength
                                g - ring of protection from magic

@: somewhat resistant to hostile enchantments, unstealthy
A: no food or potions, fire vulnerability, cold resistance 1, negative energy
resistance 3, torment resistance, unbreathing
a: no special abilities


You were on level 2 of the Dungeon.
You were not hungry.

You visited 1 branch of the dungeon, and saw 2 of its levels.

You collected 110 gold pieces.


Innate Abilities, Weirdness & Mutations

You do not eat or drink.
Your flesh is vulnerable to fire.
You are immune to poison.
Your flesh is cold resistant.
You are immune to negative energy.
You are immune to unholy pain and torment.
You can survive without breathing.


   Skills:
 - Level 3.0 Fighting
 - Level 2.4 Dodging
 - Level 1.5 Stealth
 + Level 4.6 Unarmed Combat


You had 2 spell levels left.
You didn't know any spells.

Inventory:

Hand Weapons
 n - a +0 whip
Missiles
 c - 60 stones (quivered)
Armour
 b - a +0 robe
 f - a +0 helmet (worn)
Jewellery
 g - a ring of protection from magic (left hand)
 i - a +4 ring of strength (right hand)
 k - an amulet of harm (around neck)
Scrolls
 d - a scroll of random uselessness {unknown}
 e - a scroll of teleportation {unknown}
 h - a scroll of blinking {unknown}
 j - a scroll of fear {unknown}
 l - a scroll of remove curse {unknown}
 m - a scroll of enchant weapon {unknown}
Comestibles
 a - 3 fruits

Dungeon Overview and Level Annotations

Branches:
Dungeon (2/15)

Altars:
Okawaru
Qazlal
Trog

Annotations:
D:2 Sigmund

▒▒........▒▒.....▒▒▒▒+
▒........▒▒▒....'.▒..
▒▒...▒▒..▒ ▒....▒▒▒..
▒........▒ ▒.▒▒'▒▒▒..
▒.▒▒.....▒ ▒.....▒▒..
▒.▒......▒ ▒▒....▒▒..
▒........▒▒▒▒....▒▒..
▒▒▒.▒▒▒...+.......'...
▒#...M▒...▒▒▒.....▒.▒'
▒▒▒.....▒.▒▒▒
▒.....▒... ▒...._....▒
+.....▒▒▒▒ ▒.▒.....▒▒▒
▒...▒▒▒ ▒.▒#...#▒ ▒▒▒▒
▒.▒▒▒.▒▒▒ ▒.▒▒..▒
▒....▒▒ ▒▒▒▒.▒▒▒▒


There were no monsters in sight!


Message History

No target in view!!!
You see here a short sword!
There is an open door here!
Found a stone staircase leading down!
There is a stone staircase leading down here!
Found 15 gold pieces!
Found a stormy altar of Qazlal!
Found a scroll labeled XIAGUSS CUAGA!
You now have 110 gold pieces (gained 15)!
No target in view!!!
No target in view!!!
No target in view!!!
No target in view!!!
A goblin comes into view!
A goblin is nearby!!!
A goblin is nearby!!!
The goblin shouts!!!
The goblin hits you!
You squash the goblin like an ant!
You punch the goblin!
You annihilate the goblin!!!
No target in view!!!
Really walk into that cloud of flame?
Okay, then!
Really walk into a travel-excluded area?
m - a scroll labeled XIAGUSS CUAGA;
c - 60 stones (gained 3)
You see here a whip!
n - a whip You are engulfed in roaring flames!
DANG rip

Action                   || total
-------------------------++-------
Melee: Unarmed           ||    88
 Stab: Sleeping          ||     8

Vault maps used:
D:1:      minmay_arrival_plants_in_alcoves
D:2:      grunt_temple_overflow_open, grunt_qazlal_clouds, uniq_sigmund,
          uniq_jessica

Notes
Turn   | Place    | Note
--------------------------------------------------------------
     0 | D:1      | GrosslyIncandescent the Mummy Monk began the quest for the Orb.
     0 | D:1      | Reached XP level 1. HP: 18/18 MP: 1/1
   275 | D:1      | Reached XP level 2. HP: 24/24 MP: 2/2
   587 | D:1      | Reached skill level 4 in Unarmed Combat
   737 | D:2      | Found a bloodstained altar of Trog.
   739 | D:2      | Found an iron altar of Okawaru.
   751 | D:2      | Reached XP level 3. HP: 15/29 MP: 3/3
   978 | D:2      | Noticed Jessica
   992 | D:2      | Noticed Sigmund
   997 | D:2      | Killed Jessica
  1384 | D:2      | Found a stormy altar of Qazlal.
  1424 | D:2      | Engulfed by a cloud of flame

Vanquished Creatures
  Jessica (D:2)
  An adder (D:2)
  An ooze (D:1)
  5 goblins
  4 hobgoblins (D:1)
  2 jackals (D:2)
  4 bats
  A giant newt (D:1)
  4 kobolds
  5 rats
28 creatures vanquished.

Vanquished Creatures (others)
  A kobold (D:2)
1 creature vanquished.

Grand Total: 29 creatures vanquished
